 Dungeon Crawl Stone Soup version 0.32-a0-918-g0f22ef8d61 (webtiles) character file.

Game seed: 4671890526371738406

12160 ratmeat3 the Brawler (level 11, -7/69 (74) HPs)
             Began as an Octopode Fighter on Apr 10, 2024.
             Was an Initiate of Gozag.
             Shot with an arrow by a centaur (8 damage)
             ... on level 11 of the Dungeon.
             The game lasted 00:11:16 (10569 turns).

ratmeat3 the Brawler (Octopode Fighter)            Turns: 10569, Time: 00:11:17

HP:   -7/69 (74)    AC:  5    Str: 20    XL:     11   Next: 89%
MP:   11/11         EV: 28    Int: 11    God:    Gozag
Gold: 740           SH:  5    Dex: 11    Spells: 10/10 levels left

rFire   . .          .
                       - Unarmed
rCold   . . .        a - +1 buckler
rNeg    . . .        (helmet restricted)
rPois   +            d - amulet of the acrobat
rElec   .            h - +4 ring of slaying
rCorr   .            k - +4 ring of protection
SInv    .            o - ring of poison resistance
Will    .....        (no ring)
Stlth   ++++         (no ring)
HPRegen 0.31/turn    (no ring)
MPRegen 0.12/turn    (no ring)
                     (no ring)

%: acrobat
@: acrobatic, drained
A: almost no armour, amphibious, 8 rings, camouflage 1, gelatinous body 1,
(nimble swimmer 1), tentacles
a: Renounce Religion, Potion Petition, Call Merchant, Bribe Branch


You were on level 11 of the Dungeon.
You worshipped Gozag.
Gozag was pleased with you.
You visited 2 branches of the dungeon, and saw 12 of its levels.

You collected 1662 gold pieces.
You paid 922 gold pieces to Gozag.

Inventory:

Missiles
 u - 7 throwing nets (quivered)
Armour
 a - a +1 buckler (worn)
Jewellery
 d - an amulet of the acrobat (around mantle)
 h - a +4 ring of slaying (left tentacle)
 k - a +4 ring of protection (right tentacle)
 o - a ring of poison resistance (on tentacle)
Wands
 n - a wand of paralysis (16)
 q - a wand of polymorph (8)
 s - a wand of flame (8)
 v - a wand of quicksilver (11)
 B - a wand of iceblast (4)
Scrolls
 c - 5 scrolls of teleportation
 e - 4 scrolls of immolation
 g - a scroll of identify
 l - 2 scrolls of vulnerability
 m - 2 scrolls of enchant armour
 r - 4 scrolls of enchant weapon
 t - a scroll of amnesia
 w - a scroll of torment
 x - a scroll of poison
 y - a scroll of fog
Potions
 b - 4 potions of might
 f - 2 potions of curing
 i - 3 potions of lignification
 j - 2 potions of heal wounds
 p - 3 potions of brilliance
 z - a potion of mutation
 A - a potion of invisibility
 C - a potion of haste {unknown}


   Skills:
 * Level 6.7 Fighting
 + Level 4.6 Dodging
 - Level 5.0 Stealth
 + Level 3.8 Shields
 + Level 15.8 Unarmed Combat
 - Level 0.9 Evocations
 * Level 4.1 Shapeshifting


You had 10 spell levels left.
You didn't know any spells.
Your spell library contained the following spells:

 Spells                   Type           Power      Damage    Failure   Level
 Sandblast                Erth           0%         2d4       41%         1
 Mercury Vapours          Alch/Air       0%         N/A       54%         2
 Dazzling Flash           Conj/Hex       0%         N/A       78%         3
 Mephitic Cloud           Conj/Alch/Air  0%         N/A       78%         3
 Stone Arrow              Conj/Erth      0%         3d7       78%         3
 Tukima's Dance           Hex            0%         N/A       78%         3
 Brom's Barrelling Bould  Conj/Erth      0%         2d3       99%         4
 Dimensional Bullseye     Hex/Tloc       0%         N/A       99%         4
 Ignite Poison            Fire/Alch      0%         N/A       99%         4
 Iskenderun's Mystic Bla Conj/Tloc 0%             2d3        (+2d1     99%         4
 Sticky Flame             Fire/Alch      0%         2d4       99%         4
 Curse of Agony           Necr           0%         N/A       100%        5
 Freezing Cloud           Conj/Ice/Air   0%         6-21      100%        5
 Silence                  Hex/Air        0%         N/A       100%        5
 Ignition                 Fire           0%         3d3       100%        8


Dungeon Overview and Level Annotations

Branches:
Dungeon (11/15)            Temple (1/1) D:6            Lair (0/5) D:9
    Orc (0/2) D:11

Altars:
Ashenzari
Cheibriados
Dithmenos
Elyvilon
Fedhas
Gozag
Hepliaklqana
Kikubaaqudgha
Makhleb
Nemelex Xobeh
Okawaru
Qazlal
Ru
Sif Muna
Trog
Uskayaw
Vehumet
Wu Jian
Xom
Yredelemnul
Zin
The Shining One

Shops:
D:7 *   D:8 *


Innate Abilities, Weirdness & Mutations

You cannot wear most types of armour.
You are amphibious.
You can wear up to eight rings at the same time.
Your skin changes colour to match your surroundings (Stealth+).
Your rubbery body absorbs attacks. (AC +1, EV +1)
((You are camouflaged when in or above water. (Stealth+)))
You have tentacles for arms and can constrict up to eight enemies at once.


Message History

You sense an unholy aura.
The centaur shoots an arrow.
The arrow hits you!
You feel drained.
The centaur shoots an arrow.
You block the arrow.
The centaur wields a +0 shortbow.
The centaur shoots an arrow.
The arrow misses you.
The centaur shoots an arrow.
The arrow barely misses you.
The centaur shoots an arrow.
The arrow completely misses you.
You tentacle-slap the centaur. You squeeze the centaur.
The centaur is heavily wounded.
The centaur wields a +0 shortbow.
The centaur shoots an arrow.
The arrow hits you!
The centaur hits you but does no damage.
The centaur kicks you but does no damage.
The centaur shoots an arrow.
The arrow barely misses you.
The centaur shoots an arrow.
The arrow closely misses you.
The centaur wields a +0 shortbow.
The centaur shoots an arrow.
The arrow completely misses you.
The centaur shoots an arrow.
The arrow completely misses you.
The centaur shoots an arrow.
The arrow hits you!
The centaur shoots an arrow.
You block the arrow.
The centaur shoots an arrow.
You block the arrow.
The centaur shoots an arrow.
The arrow misses you.
The centaur shoots an arrow.
The arrow misses you.
The centaur shoots an arrow.
The arrow misses you.
The centaur shoots an arrow.
The arrow completely misses you.
The centaur shoots an arrow.
The arrow hits you!
The centaur shoots an arrow.
You block the arrow.
The centaur shoots an arrow.
You block the arrow.
The centaur shoots an arrow.
The arrow misses you.
The centaur shoots an arrow.
The arrow hits you!
The centaur shoots an arrow.
The arrow hits you!
* * * LOW HITPOINT WARNING * * *
You feel drained.
* * * LOW HITPOINT WARNING * * *
The centaur shoots an arrow.
The arrow completely misses you.
The centaur shoots an arrow.
The arrow misses you.
The centaur shoots an arrow.
The arrow completely misses you.
The centaur shoots an arrow.
The arrow misses you.
The centaur shoots an arrow.
The arrow hits you!
* * * LOW HITPOINT WARNING * * *
The centaur shoots an arrow.
The arrow hits you!
You die...
Your body crumbles into a pile of gold.

..(.............####
####.)....[........#
##...#...........#.#
...##...##.......#
.###............)#
#...........)).# ..###
.....#......)....####.....
.#.##....................
#.#........)...@#.#...##.#
....#...........#..#...#..
..........>......##......!.
...##..........##.........
..# #..................##
##..........#.....## .#
#..........#c.....####.#
#.............c.........
..........#.....#......


You could see 2 centaurs.

Vanquished Creatures
  Harold (D:10)
  A boulder beetle (D:11)
  Urug (D:10)
  Nergalle (D:10)
  Pikel (D:7)
  Maurice (D:7)
  A gargoyle (D:5)
  The ghost of ezpacito the Chopper, a novice CoCK of Xom (D:5)
  Maggie (D:6)
  Jeremiah (D:7)
  2 trolls (D:10)
  The ghost of TheSexyCheese the Firebug, an amateur DsFE (D:4)
  Sigmund (D:5)
  A wraith (D:5)
  10 yaks (D:10)
  A wyvern (D:8)
  A vampire (D:9)
  A warg (D:11)
  4 vampire mosquitoes (D:10)
  Menkaure (D:5)
  2 steam dragons
  Edmund (D:6)
  3 water moccasins
  An orc warrior (D:11)
  Duvessa (D:6)
  2 ice beasts
  4 black bears
  A sky beast (D:8)
  A phantom (D:4)
  A crocodile (D:4)
  5 centaurs
  2 lemures (D:7)
  5 scorpions
  2 gnoll sergeants
  Dowan (D:6)
  11 wights
  6 killer bees (D:8)
  2 howler monkeys (D:8)
  A bombardier beetle (D:5)
  3 hounds (D:5)
  3 jellies
  An orc priest (D:3)
  Crazy Yiuf (D:4)
  A sleepcap (D:6)
  7 iguanas
  13 orc wizards
  10 gnolls
  11 adders
  A white imp (D:8)
  A ribbon worm (D:4)
  4 dart slugs
  37 orcs
  4 ball pythons
  5 endoplasms
  7 giant cockroaches
  10 goblins
  6 hobgoblins
  A quokka (D:1)
  2 bats
  8 frilled lizards
  4 kobolds
  6 rats
231 creatures vanquished.

Notes
Turn   | Place    | Note
-------+----------+-------------------------------------------
     0 | D:1      | ratmeat3 the Octopode Fighter began the quest for the Orb.
     0 | D:1      | Reached XP level 1. HP: 16/16 MP: 1/1
   282 | D:1      | Reached XP level 2. HP: 21/21 MP: 2/2
  1029 | D:2      | Reached XP level 3. HP: 26/26 MP: 3/3
  1212 | D:2      | Reached skill level 1 in Stealth
  1734 | D:3      | Reached skill level 3 in Unarmed Combat
  1755 | D:3      | Reached XP level 4. HP: 31/33 MP: 4/4
  2162 | D:3      | Reached XP level 5. HP: 24/37 MP: 5/5
  2164 | D:3      | Reached skill level 4 in Unarmed Combat
  2643 | D:4      | Reached XP level 6. HP: 30/43 MP: 6/6
  2651 | D:4      | Found a glowing silver altar of Zin.
  2768 | D:4      | Found a runed translucent door.
  2778 | D:4      | Noticed TheSexyCheese's ghost (amateur DsFE)
  2827 | D:4      | Reached skill level 5 in Unarmed Combat
  3187 | D:4      | Reached XP level 7. HP: 48/48 MP: 7/7
  3224 | D:4      | Found a runed translucent door.
  3225 | D:4      | Noticed Crazy Yiuf
  3358 | D:4      | Reached skill level 6 in Unarmed Combat
  3687 | D:4      | Killed Crazy Yiuf
  3841 | D:4      | Killed TheSexyCheese's ghost
  3842 | D:4      | Reached skill level 5 in Stealth
  3842 | D:4      | Reached skill level 7 in Unarmed Combat
  3988 | D:5      | Entered Level 5 of the Dungeon
  4028 | D:5      | Noticed Menkaure
  4033 | D:5      | Killed Menkaure
  4034 | D:5      | Reached XP level 8. HP: 54/54 MP: 8/8
  4093 | D:5      | Reached skill level 8 in Unarmed Combat
  4124 | D:5      | Noticed a gargoyle
  4135 | D:5      | Killed a gargoyle
  4136 | D:5      | Reached skill level 9 in Unarmed Combat
  4260 | D:5      | Noticed Sigmund
  4269 | D:5      | Killed Sigmund
  4270 | D:5      | Reached skill level 10 in Unarmed Combat
  4270 | D:5      | Noticed a wraith
  4287 | D:5      | Killed a wraith
  4288 | D:5      | Reached XP level 9. HP: 46/59 MP: 9/9
  4472 | D:5      | Found a blossoming altar of Fedhas.
  4472 | D:5      | Found an iron altar of Okawaru.
  4519 | D:5      | Found a runed translucent door.
  4684 | D:5      | Noticed ezpacito's ghost (novice CoCK)
  4695 | D:5      | Killed ezpacito's ghost
  4696 | D:5      | Reached skill level 11 in Unarmed Combat
  4736 | D:6      | Noticed Duvessa
  4736 | D:6      | Noticed Dowan
  4742 | D:6      | Killed Duvessa
  4750 | D:6      | Killed Dowan
  5145 | D:6      | Found a staircase to the Ecumenical Temple.
  5158 | Temple   | Entered the Ecumenical Temple
  5169 | Temple   | Became a worshipper of Gozag Ym Sagoz the Greedy
  5221 | D:6      | Found a basalt altar of Yredelemnul.
  5341 | D:6      | Noticed Edmund
  5345 | D:6      | Noticed Maggie
  5347 | D:6      | Killed Edmund
  5348 | D:6      | Reached skill level 12 in Unarmed Combat
  5367 | D:6      | Killed Maggie
  5632 | D:7      | Reached XP level 10. HP: 58/65 MP: 10/10
  5687 | D:7      | Found Oluqigg's Lightly-Used Armoury.
  5741 | D:7      | Reached skill level 13 in Unarmed Combat
  5772 | D:7      | Noticed Jeremiah
  5818 | D:7      | Killed Jeremiah
  6024 | D:7      | Noticed Pikel
  6034 | D:7      | Killed Pikel
  6395 | D:7      | Found a shadowy altar of Dithmenos.
  6627 | D:7      | Reached skill level 14 in Unarmed Combat
  6628 | D:7      | Reached skill level 5 in Fighting
  6737 | D:7      | Reached skill level 1 in Shapeshifting
  6872 | D:7      | Noticed Maurice
  6875 | D:7      | Maurice stole 2 throwing nets
  6879 | D:7      | Killed Maurice
  7047 | D:8      | Found a sacrificial altar of Ru.
  7375 | D:8      | Reached XP level 11. HP: 72/72 MP: 11/11
  7730 | D:9      | Found a broken altar of Ashenzari.
  7975 | D:9      | Found a staircase to the Lair.
  8720 | D:9      | Found a shimmering blue altar of Sif Muna.
  9080 | D:10     | Entered Level 10 of the Dungeon
  9131 | D:10     | Noticed Harold
  9147 | D:10     | Reached skill level 15 in Unarmed Combat
  9150 | D:10     | Killed Harold
  9213 | D:10     | Noticed Nergalle
  9224 | D:10     | Killed Nergalle
  9825 | D:10     | Noticed Urug
  9860 | D:10     | Killed Urug
 10422 | D:11     | Found a staircase to the Orcish Mines.
 10491 | D:11     | Noticed a boulder beetle
 10510 | D:11     | Killed a boulder beetle
 10569 | D:11     | HP: 1/69 [centaur/arrow (8)]
 10569 | D:11     | Shot with an arrow by a centaur

Illustrated notes

Levels and vault maps discovered:
D:1:      lemuel_arrival_hallway, layout_basic
D:2:      layout_loops_cross
D:3:      cheibrodos_greedy_goblins, layout_basic
D:4:      layout_basic, zin_academy, serial_curves, eino_curves_03,
          eino_curves_04, eino_curves_03, eino_curves_04, ebering_ghost_sewer_d,
          nrook_uturn, minmay_lizard_king, uniq_crazy_yiuf_cottage
D:5:      layout_cave_pools, amethyst_overflow_temple_binary,
          ebering_ghost_reflecting_pool, uniq_sigmund, uniq_menkaure
D:6:      layout_cave_pools, lemuel_crystal_altar, minmay_temple_entry_arrows,
          minmay_misc_feat_chi, uniq_maggie, uniq_edmund, uniq_duvessa
D:7:      layout_gridville, grunt_dithmenos_smoke, minmay_fountain_box,
          minmay_shop_damaged, st_stairs_2, grunt_ministairs_13, uniq_jeremiah,
          uniq_pikel, uniq_maurice
D:8:      layout_gridville, mainiacjoe_overflow_tiny_flanked,
          serial_library_regret_index_split_case, nicolae_eternal_life,
          minmay_misc_feat_enclosed, nicolae_zig_zag_zippers
D:9:      layout_layer_cave, cheibrodos_ashenzari_chains, tgw_sif,
          lair_entry_dummy, bh_walls_and_bars
D:10:     layout_rooms, uniq_urug, uniq_harold, uniq_nergalle
D:11:     layout_rooms, david_orc_3
Temple:   eino_temple_lava

Skill      XL: |  1  2  3  4  5  6  7  8  9 10 11 |
---------------+----------------------------------+-----
Stealth        | 1 2 3 4 5 |  5.0
Unarmed Combat | 3 4 5 7 10 12 14 15 | 15.8
Fighting       | 4 5 6 |  6.7
Shapeshifting  | 2 4 |  4.1
Dodging        | 4 |  4.6
Shields        | |  3.8
Evocations     | |  0.9

Action                     |  1- 3 |  4- 6 |  7- 9 | 10-12 || total
---------------------------+-------+-------+-------+-------++-------
  Melee: Unarmed           |    46 |    96 |   166 |   232 ||   540
         Constrict         |    15 |    26 |    34 |    46 ||   121
         Tentacles         |    13 |    15 |    33 |    51 ||   112
         Punch             |       |     5 |    15 |    26 ||    46
 Invoke: Call Merchant     |       |       |       |     1 ||     1
  Evoke: Wand              |       |       |     2 |     4 ||     6
    Use: Scroll            |       |     7 |     6 |     7 ||    20
         Potion            |       |       |     1 |     3 ||     4
   Stab: Sleeping          |     6 |     5 |     9 |    11 ||    31
         Paralysed         |       |       |     5 |       ||     5
         Distracted        |       |       |       |     2 ||     2
 Armour: Skin              |    13 |    37 |    51 |   126 ||   227
  Dodge: Dodged            |    19 |    52 |    81 |   135 ||   287
  Block: Buckler           |     4 |    23 |    21 |    45 ||    93

Table legend: (Time is in decaauts)
 A = Elapsed time spent in this place.
 B = Non-inter-level travel time spent in this place.
 C = Inter-level travel time spent in this place.
 D = Time resting spent in this place.
 E = Time spent auto-exploring this place.
 F = Levels seen in this place.
 G = Mean time per level.
                   A        B        C        D        E       F      G
               +--------+--------+--------+--------+--------+-----+--------+
         Total |  10493 |  10157 |    336 |    899 |   7819 |  12 |  874.4 |
       Dungeon |  10466 |  10130 |    336 |    899 |   7819 |  11 |  951.5 |
        Temple |     26 |     26 |      0 |      0 |      0 |   1 |   26.0 |
               +--------+--------+--------+--------+--------+-----+--------+

Top non-repeatable levels by time:
     D:4: 1350 daAuts
     D:9: 1346 daAuts
    D:10: 1317 daAuts
     D:7: 1174 daAuts
     D:3: 1043 daAuts
     D:6: 953 daAuts
     D:1: 931 daAuts
     D:8: 802 daAuts
     D:5: 737 daAuts
     D:2: 655 daAuts
    D:11: 155 daAuts
  Temple: 26 daAuts
